[ AOE2 MATCH · #472870026 ]
Team RMEthiopians vs Chinese
[ REPLAY ANALYSIS · EXTRACTED FROM THE RECORDED GAME ]
Feudal
—
Castle
—
Imperial
—
| APM avg | 18.4 |
| APM peak | 30 |
| eAPM avg | 12.9 |
| Villagers / military | 24 / 0 |
Focus
⚔️ 18.2% · 🌾 81.8%
Feudal
—
Castle
—
Imperial
—
| APM avg | 17.7 |
| APM peak | 27 |
| eAPM avg | 12.7 |
| Villagers / military | 17 / 0 |
Focus
⚔️ 21.3% · 🌾 78.7%
Feudal
—
Castle
—
Imperial
—
| APM avg | 15.5 |
| APM peak | 30 |
| eAPM avg | 6.8 |
| Villagers / military | 8 / 0 |
Focus
⚔️ 8.7% · 🌾 91.3%
Feudal
—
Castle
—
Imperial
—
| APM avg | 10.4 |
| APM peak | 18 |
| eAPM avg | 7.7 |
| Villagers / military | 10 / 0 |
Focus
⚔️ 14.3% · 🌾 85.7%
Match map
Initial resources + every placement click. Lines = walls · curves = elevation contours. ◆ gold · ⬟ stone · ● berries · ✦ relic · ◌ wall gap
Your base
CHONNR10's base
SentY's base
Crespo IV3141's base
Smoothed initial terrain · ◌ = detected wall gap · hover for details
Inputs per minute
— PicanteMartinez - - CHONNR10
Build order — PicanteMartinez
22 actions detected in the replay
| 0:06 | Create | Villager (Male) ×4 |
| 0:06 | Create | Villager (Male) ×4 |
| 0:07 | Research | Loom |
| 0:35 | Build | House |
| 0:36 | Build | House |
| 0:40 | Create | Villager (Male) |
| 0:40 | Create | Villager (Male) ×3 |
| 0:41 | Create | Villager (Male) ×2 |
| 1:25 | Create | Villager (Male) |
| 2:36 | Create | Villager (Male) |
| 3:36 | Build | Palisade Wall |
| 3:39 | Build | Lumber Camp |
| 3:41 | Create | Villager (Male) |
| 3:42 | Create | Villager (Male) |
| 3:42 | Create | Villager (Male) |
| 4:00 | Create | Villager (Male) |
| 4:00 | Create | Villager (Male) |
| 4:26 | Build | Palisade Gate |
| 4:37 | Create | Villager (Male) |
| 5:17 | Create | Villager (Male) |
| 5:17 | Create | Villager (Male) |
| 5:32 | Build | Mining Camp |
Build order — CHONNR10
23 actions detected in the replay
| 0:05 | Build | House |
| 0:08 | Build | House |
| 0:09 | Create | Villager (Male) |
| 0:09 | Create | Villager (Male) |
| 0:09 | Create | Villager (Male) |
| 0:10 | Create | Villager (Male) |
| 0:10 | Create | Villager (Male) |
| 1:11 | Research | Loom |
| 1:31 | Create | Villager (Male) |
| 1:32 | Create | Villager (Male) |
| 2:14 | Create | Villager (Male) |
| 2:35 | Create | Villager (Male) |
| 2:56 | Build | Lumber Camp |
| 3:06 | Create | Villager (Male) |
| 3:25 | Create | Villager (Male) |
| 3:58 | Build | Palisade Wall |
| 4:01 | Create | Villager (Male) |
| 4:01 | Create | Villager (Male) |
| 4:10 | Create | Villager (Male) |
| 4:40 | Build | House |
| 5:10 | Create | Villager (Male) |
| 5:51 | Create | Villager (Male) |
| 5:51 | Create | Villager (Male) |
Build order — SentY
15 actions detected in the replay
| 0:41 | Research | Loom |
| 1:20 | Build | House |
| 1:26 | Build | House |
| 1:29 | Build | House |
| 2:04 | Build | House |
| 2:11 | Create | Villager (Male) |
| 2:33 | Build | Palisade Wall |
| 2:41 | Build | Palisade Wall |
| 3:40 | Create | Villager (Male) |
| 3:40 | Create | Villager (Male) |
| 3:55 | Create | Villager (Male) |
| 5:06 | Create | Villager (Male) |
| 5:06 | Create | Villager (Male) |
| 5:23 | Create | Villager (Male) |
| 5:24 | Create | Villager (Male) |
Build order — Crespo IV3141
20 actions detected in the replay
| 0:03 | Create | Villager (Male) |
| 0:04 | Research | Loom |
| 0:04 | Create | Villager (Male) |
| 0:04 | Create | Villager (Male) |
| 0:05 | Create | Villager (Male) |
| 0:14 | Build | House |
| 1:33 | Build | Palisade Wall |
| 2:23 | Create | Villager (Male) |
| 2:44 | Build | Palisade Gate |
| 3:03 | Build | Palisade Wall |
| 3:14 | Build | House |
| 3:25 | Build | House |
| 3:34 | Create | Villager (Male) |
| 3:35 | Create | Villager (Male) |
| 4:00 | Create | Villager (Male) |
| 4:14 | Build | House |
| 4:35 | Build | Lumber Camp |
| 4:40 | Create | Villager (Male) |
| 4:46 | Build | House |
| 4:56 | Create | Villager (Male) |
Match timeline
| 1:33 | Crespo IV3141 · wall_segment Palisade Wall x11 |
| 2:33 | SentY · wall_segment Palisade Wall x5 |
| 2:41 | SentY · wall_segment Palisade Wall x7 |
| 3:03 | Crespo IV3141 · wall_segment Palisade Wall x1 |
| 3:36 | PicanteMartinez · wall_segment Palisade Wall x14 |
| 3:58 | CHONNR10 · wall_segment Palisade Wall x22 |
| 5:33 | SentY · resign |
[ AI ANALYSIS · 1 CREDIT ]
What really happened in this match?
Wolo.gg analyzes every decision: build order, eco, micro, common mistakes by bracket. Personalized analysis on WhatsApp or Discord in 30 seconds.
Civ guide
Ethiopians
Map guide
Black Forest
Perfil
Jugador #2068721